 Dungeon Crawl Stone Soup version 0.24-a0-497-g5a03d68 (webtiles) character file.

Game seed: 13575412605356339265

21 Espgualade the Chiller (level 2, -1/15 HPs)
             Began as a Tengu Ice Elementalist on July 13, 2019.
             Slain by a gnoll
             ... wielding a +0 flail
              (14 damage)
             ... on level 1 of the Dungeon.
             The game lasted 00:01:14 (588 turns).

Espgualade the Chiller (Tengu Ice Elementalist)      Turns: 588, Time: 00:01:14

Health: -1/15      AC:  3    Str:  8    XL:     2   Next: 87%
Magic:  1/6        EV: 12    Int: 15    God:
Gold:   55         SH:  0    Dex: 14    Spells: 2/5 levels left

rFire    . . .     SeeInvis .   b - +0 dagger
rCold    . . .     Gourm    .   (no shield)
rNeg     . . .     Faith    .   a - +1 robe
rPois    .         Spirit   .   (helmet restricted)
rElec    .         Reflect  .   (no cloak)
rCorr    .         Harm     .   (no gloves)
MR       .....                  (boots unavailable)
Stlth    ++........             (no amulet)
HPRegen  0.05/turn              (no ring)
MPRegen  0.10/turn              (no ring)

@: no status effects
A: beak, talons 3
a: no special abilities


You were on level 1 of the Dungeon.
You were not hungry.

You visited 1 branch of the dungeon, and saw 1 of its levels.

You collected 55 gold pieces.

Inventory:

Hand Weapons
 b - a +0 dagger (weapon)
Armour
 a - a +1 robe (worn)
Scrolls
 f - a scroll of amnesia {unknown}
Potions
 d - a potion of curing {unknown}
 e - a potion of invisibility {unknown}
Comestibles
 c - 4 rations


   Skills:
 - Level 2.1 Dodging
 - Level 2.0 Stealth
 - Level 2.0 Spellcasting
 - Level 1.3 Conjurations
 + Level 3.6 Ice Magic


You had 2 spell levels left.
You knew the following spells:

 Your Spells              Type           Power        Failure   Level  Hunger
a - Freeze                Ice            ##..         4%          1    #......
b - Throw Frost           Conj/Ice       #.....       12%         2    ###....

Your spell library contained the following spells:

 Spells                   Type           Power        Failure   Level  Hunger
 Ozocubu's Armour         Chrm/Ice       #.......     32%         3    ###....
 Throw Icicle             Conj/Ice       #.......     61%         4    #####..
 Summon Ice Beast         Ice/Summ       #.......     71%         4    #####..


Dungeon Overview and Level Annotations

Branches:
Dungeon (1/15)

Altars:


Innate Abilities, Weirdness & Mutations

You have a beak for a mouth.
You have claws for feet.


Message History

Aim: a gnoll, wielding a +0 flail The puff of frost hits the gnoll.
The gnoll is lightly wounded.
Casting: Throw Frost (safe; 12% risk of failure)
Confirm with . or Enter, or press ? or * to list all spells.
Aiming: Throw Frost (safe; 12% risk of failure)
Press: ? - help, Shift-Dir - straight line, f/p - gnoll
Aim: a gnoll, wielding a +0 flail (lightly wounded)
The puff of frost hits the gnoll.
The gnoll is moderately wounded.
Casting: Throw Frost (safe; 12% risk of failure)
Confirm with . or Enter, or press ? or * to list all spells.
Aiming: Freeze (safe; 4% risk of failure)
Press: ? - help, Shift-Dir - straight line, f/p - gnoll
Aim: a gnoll, wielding a +0 flail (moderately wounded)
You freeze the gnoll.
The gnoll is almost dead.
The gnoll hits you with a +0 flail!
Ouch! That really hurt!
You die...

##>#
#..##
...
##..#
##.#
##.# .#
#.#
####..
#.#
.....#
#.#
###..#
#.#
....#
#.#
#####
#@# #
#g#
########
#.#
........
#.#
........
#.#
).......
#.#
......##
#.#
..###.#
#.# ###
.. #.#


You could see a gnoll.

Vanquished Creatures
  An ooze (D:1)
  2 bats (D:1)
  A giant cockroach (D:1)
  3 goblins (D:1)
  3 hobgoblins (D:1)
  3 frilled lizards (D:1)
  2 kobolds (D:1)
15 creatures vanquished.

Notes
Turn   | Place    | Note
-------+----------+-------------------------------------------
     0 | D:1      | Espgualade the Tengu Ice Elementalist began the quest for
                  | the Orb.
     0 | D:1      | Reached XP level 1. HP: 10/10 MP: 4/4
   310 | D:1      | Reached skill level 3 in Ice Magic
   357 | D:1      | Reached XP level 2. HP: 13/15 MP: 3/6
   372 | D:1      | Learned a level 2 spell: Throw Frost
   588 | D:1      | Slain by a gnoll

Levels and vault maps discovered:
D:1:      dpeg_arrival_chase, layout_rooms

Skill      XL: |  1 |
---------------+----+-----
Ice Magic      | 3 |  3.6
Dodging        | |  2.1
Stealth        | |  2.0
Spellcasting   | |  2.0
Conjurations   | |  1.3

Action                   || total
-------------------------++-------
Melee: Dagger            ||    16
       Peck              ||     4
       Unarmed           ||     1
       Kick              ||     2
 Cast: Freeze            ||    20
       Throw Frost       ||     2
  Use: Scroll            ||     2
Armor: Robe              ||    11
Dodge: Dodged            ||    13

Table legend:
 A = Non-vault XP
 B = Vault XP
 C = Vault XP percentage of total XP
 D = Non-vault monster count
 E = Vault monster count
 F = Vault count percentage of total count
                 A         B        C        D         E       F
            +---------+---------+-------+---------+---------+-------
      Total |      31 |       0 |   0.0 |      15 |       0 |   0.0
            +---------+---------+-------+---------+---------+-------
        D:1 |      31 |       0 |   0.0 |      15 |       0 |   0.0
            +---------+---------+-------+---------+---------+-------
